 Dungeon Crawl Stone Soup version 0.22-a0-252-gcace5d2 (webtiles) character file.

20500 Slobodan the Fighter (level 13, 109/109 HPs)
             Began as a Human Abyssal Knight on Mar 2, 2018.
             Was a High Priest of Lugonu.
             Quit the game on level 5 of the Lair of Beasts.
             The game lasted 02:10:13 (12392 turns).

Slobodan the Fighter (Human Abyssal Knight)        Turns: 12392, Time: 02:10:13

Health: 109/109    AC: 14    Str: 21    XL:     13   Next: 12%
Magic:  17/17      EV:  4    Int: 12    God:    Lugonu [*****.]
Gold:   365        SH:  0    Dex: 17    Spells: 12/12 levels left

rFire    . . .     SeeInvis .   a - +1 hand axe "Zyahig" {flame, rElec rPois Dex+2}
rCold    . . .     Gourm    .   l - +0 buckler
rNeg     . . .     Faith    .   d - +1 chain mail
rPois    +         Spirit   .   v - +2 hat
rElec    +         Reflect  .   (no cloak)
rCorr    .         Harm     .   (no gloves)
MR       .....                  (no boots)
Stlth    ..........             K - amulet of regeneration
HPRegen  0.68/turn              o - +2 ring of intelligence
MPRegen  0.15/turn              p - +3 ring of strength

@: petrifying, very slow
A: agile 1, dopey 1
a: Depart the Abyss, Bend Space, Banish, Corrupt, Enter the Abyss, Renounce
Religion


You were on level 5 of the Lair of Beasts.
You worshipped Lugonu.
Lugonu was extremely pleased with you.
You were not hungry.

You visited 2 branches of the dungeon, and saw 14 of its levels.
You visited the Abyss 1 time.

You collected 806 gold pieces.
You spent 441 gold pieces at shops.

Inventory:

Hand Weapons
 a - the +1 hand axe "Zyahig" (weapon) {flame, rElec rPois Dex+2}
   (You found it on level 5 of the Dungeon)

   It has been specially enchanted to burn those struck by it, causing extra
   injury to most foes and up to half again as much damage against particularly
   susceptible opponents.
   Big, fiery blades are also staple armaments of hydra-hunters.
   It affects your dexterity (+2).
   It insulates you from electricity.
   It protects you from poison.
 b - a +0 hunting sling
 I - a +1 shortbow
Missiles
 g - 135 arrows
 q - 14 sling bullets
 M - 29 bolts
Armour
 d - a +1 chain mail (worn)
 f - a +0 leather armour
 l - a +0 buckler (worn)
 v - a +2 hat (worn)
 E - a +0 leather armour of cold resistance
 J - a +1 ring mail of positive energy
Jewellery
 o - a +2 ring of intelligence (left hand)
 p - a +3 ring of strength (right hand)
 y - an uncursed ring of ice
 D - an uncursed ring of flight
 F - the ring "Teanlul" {*Tele rF++ Str+4}
   (You found it on level 8 of the Dungeon)

   [ring of teleportation]

   It may teleport you next to monsters.
   It affects your strength (+4).
   It greatly protects you from fire.
 K - an amulet of regeneration (around neck)
Wands
 e - a wand of polymorph (13)
 i - a wand of digging (48)
 j - a wand of random effects (7)
Scrolls
 m - 7 scrolls of magic mapping
 r - 2 scrolls of identify
 w - a scroll of teleportation
 x - 2 scrolls of enchant armour
 z - 7 scrolls of remove curse
 A - a scroll of fog
Potions
 h - a potion of heal wounds
 k - 3 potions of flight
 n - 5 potions of brilliance
 s - a potion of lignification
 t - 3 potions of haste
Miscellaneous
 C - a phial of floods (inert)
Comestibles
 c - 11 rations


   Skills:
 + Level 12.6 Fighting
 + Level 11.1(11.4) Axes
   Level 4.1(8.3) Polearms
 - Level 8.5 Armour
 - Level 1.0 Dodging
 - Level 4.0 Shields
 - Level 6.5 Invocations
 - Level 5.0 Evocations


You had 12 spell levels left.
You didn't know any spells.

Dungeon Overview and Level Annotations

Branches:
Dungeon (9/15)             Temple (0/1) D:4            Lair (5/6) D:9
 Shoals (0/4) Lair:3       Spider (0/4) Lair:3          Orc (0/2) D:9
  Slime: Lair:5-6

Altars:
Dithmenos
Elyvilon
Gozag
Kikubaaqudgha
Nemelex Xobeh
Okawaru
Qazlal
Trog

Shops:
D:6 *   D:9 *

Annotations:
D:5 Dowan; Duvessa
D:8 corrupted
Lair:5 Nr616's ghost, journeyman HOBe
Abyss:1 Sonja


Innate Abilities, Weirdness & Mutations

You are agile. (Dex +2)
You are dopey. (Int -2)


Message History

There is a stone staircase leading down here.
You climb downwards.
Level annotation: Nr616's ghost, journeyman HOBe
There is a stone staircase leading up here.
A basilisk and a yak come into view.
The basilisk hisses angrily.
The yak bellows!
A yak comes into view.
The yak bellows!
Things that are here:
a tomahawk; 20 gold pieces
There are monsters nearby!
A yak comes into view.
The yak bellows!
The basilisk gazes at you.
You easily resist.
Things that are here:
a tomahawk; 20 gold pieces The basilisk gazes at you.
You are slowing down.
Are you sure you want to abandon this character and quit the game? (Confirm with "yes".)

##. ...... #...##
....... ......#
........... .......##
...#..P...#
+...8...##.....#....#
#......((l#...#....
.#.#..Y....# ....
#.#...8..####.##
....Y....Y@##.8.##
..................#
...8..8.>.8.+..<.8#
...........#.....#
...........##.8.#....
..#...8..######......
......#. ......
.....# ...... ...#
.....


You could see 3 yaks and a basilisk.

Vanquished Creatures
  A hydra (Lair:3)
  Pikel (D:5)
  A manticore (Lair:3)
  4 black mambas
  3 spiny frogs
  3 elephants
  3 komodo dragons
  Grinder (D:5)
  12 wolves
  4 hippogriffs
  9 blink frogs
  2 orc warriors (D:9)
  11 yaks
  2 wyverns
  2 hungry ghosts
  2 basilisks
  9 soldier ants
  9 water moccasins
  11 porcupines
  A slave (D:6)
  A black bear (D:7)
  An ice beast (D:9)
  A phantom (D:6)
  4 centaurs
  An ogre (D:7)
  2 big kobolds
  4 crocodiles
  9 bullfrogs
  Blork the orc (D:5)
  A scorpion (Lair:2)
  5 killer bees
  2 wights (D:9)
  A crimson imp (D:9)
  3 howler monkeys
  A centaur zombie (D:7)
  3 bullfrog skeletons
  A centaur skeleton (D:9)
  5 orc priests
  3 hounds
  A jelly (D:5)
  9 orc wizards
  A gnoll shaman (D:7)
  4 iguanas
  30 worker ants
  2 hound zombies
  3 hound skeletons
  7 gnolls
  9 adders
  A shadow imp (D:8)
  An ooze (D:6)
  2 adder skeletons (D:5)
  An adder zombie (D:5)
  5 worms
  4 dart slugs
  A leopard gecko (D:6)
  55 orcs
  2 ball pythons (D:1)
  5 bats
  5 giant cockroaches
  7 goblins
  4 hobgoblins (D:1)
  10 jackals
  4 quokkas
  3 frilled lizards
  11 kobolds
  4 rats
  2 fungi
  2 plants (D:8)
335 creatures vanquished.

Vanquished Creatures (collateral kills)
  2 komodo dragons
  3 yaks
  A soldier ant (Lair:2)
  2 water moccasins (Lair:1)
  A porcupine (Lair:2)
  An orc warrior (D:9)
  2 wolves (Lair:1)
  A crocodile (Lair:1)
  A bullfrog (Lair:3)
  An orc priest (D:9)
  2 orc wizards (D:9)
  6 worker ants (Lair:2)
  2 orcs (D:9)
25 creatures vanquished.

Vanquished Creatures (others)
  A two-headed ogre (D:8)
  The ghost of Autsider the Basher, a novice GrBe of Trog (D:8)
  3 spiny frogs
  A polar bear (Lair:4)
  A hippogriff (Lair:1)
  5 yaks
  A water moccasin (Lair:2)
  An orc warrior (D:9)
  A black bear (Lair:2)
  2 wolves (Lair:1)
  3 wights (D:9)
  A frilled lizard (D:5)
  21 fungi
  10 plants
52 creatures vanquished.

Grand Total: 412 creatures vanquished

Notes
Turn   | Place    | Note
-------+----------+-------------------------------------------
     0 | Abyss:1  | Slobodan the Human Abyssal Knight began the quest for the Orb.
     0 | Abyss:1  | Reached XP level 1. HP: 18/18 MP: 2/2
     0 | D:1      | Escaped the Abyss
    59 | D:1      | Reached * piety under Lugonu
    59 | D:1      | Reached XP level 2. HP: 22/24 MP: 3/3
   217 | D:1      | Reached XP level 3. HP: 24/29 MP: 4/4
   315 | D:2      | Found a white marble altar of Elyvilon.
   403 | D:2      | Found a sparkling altar of Nemelex Xobeh.
   412 | D:2      | Reached XP level 4. HP: 26/36 MP: 5/5
   418 | D:2      | Found an ancient bone altar of Kikubaaqudgha.
   426 | D:2      | Found an opulent altar of Gozag.
   568 | D:3      | Reached ** piety under Lugonu
   734 | D:3      | Reached XP level 5. HP: 25/42 MP: 6/6
  1000 | D:5      | Entered Level 5 of the Dungeon
  1000 | D:5      | Noticed a centaur
  1017 | D:4      | Killed a centaur
  1017 | D:4      | Reached skill level 4 in Fighting
  1017 | D:4      | Reached XP level 6. HP: 17/49 MP: 7/7
  1035 | D:4      | Found an iron altar of Okawaru.
  1300 | D:5      | Noticed Dowan
  1333 | D:4      | Found a staircase to the Ecumenical Temple.
  1362 | D:4      | Reached skill level 5 in Fighting
  1533 | D:4      | Reached XP level 7. HP: 40/57 MP: 8/8
  1563 | D:4      | Reached skill level 6 in Fighting
  1578 | D:5      | Noticed Blork the orc
  1793 | D:5      | Noticed Duvessa
  1817 | D:5      | Killed Blork the orc
  1931 | D:5      | Found Cacvimos's Magic Scroll Shop.
  1935 | D:5      | Bought a scroll of identify for 28 gold pieces
  1935 | D:5      | Bought a scroll of teleportation for 42 gold pieces
  1935 | D:5      | Bought a scroll of identify for 28 gold pieces
  1935 | D:5      | Bought a scroll of teleportation for 42 gold pieces
  1940 | D:5      | Bought a scroll of magic mapping for 49 gold pieces
  1969 | D:5      | Noticed Grinder
  2028 | D:5      | Got a bloodstained hand axe
  2029 | D:5      | Identified the cursed +1 hand axe "Zyahig" {flame, rElec rPois Dex+2} (You found it on level 5 of the Dungeon)
  2145 | D:6      | Reached *** piety under Lugonu
  2145 | D:6      | Reached skill level 7 in Fighting
  2145 | D:6      | Reached skill level 1 in Axes
  2488 | D:6      | Reached XP level 8. HP: 49/67 MP: 9/9
  2498 | D:6      | Found a shadowy altar of Dithmenos.
  2561 | D:7      | Noticed a hippogriff
  2573 | D:7      | Killed a hippogriff
  2795 | D:6      | Reached skill level 8 in Fighting
  3015 | D:6      | Found an opulent altar of Gozag.
  3017 | D:6      | Found Gozag's Platinum Reserve.
  3106 | D:7      | Found a stormy altar of Qazlal.
  3184 | D:7      | Reached XP level 9. HP: 75/75 MP: 10/10
  3222 | D:7      | Reached skill level 5 in Axes
  3317 | D:8      | Reached skill level 9 in Fighting
  4000 | D:8      | Noticed Autsider's ghost (novice GrBe)
  4054 | D:7      | Reached **** piety under Lugonu
  4230 | D:8      | Got an ancient granite ring
  4233 | D:8      | Identified the ring "Teanlul" {*Tele rF++ Str+4} (You found it on level 8 of the Dungeon)
  4325 | D:8      | Identified Xodivawu's Handbook of Hexes
  4446 | D:8      | Found a bloodstained altar of Trog.
  4675 | D:9      | Noticed a two-headed ogre
  4839 | D:9      | Reached skill level 5 in Armour
  4990 | D:7      | Reached XP level 10. HP: 52/83 MP: 12/12
  5189 | D:5      | Noticed Pikel
  5235 | D:5      | Killed Pikel
  5313 | D:5      | Killed Grinder
  5313 | D:5      | Reached skill level 10 in Fighting
  5417 | D:5      | Bought a scroll of blinking for 105 gold pieces
  5417 | D:5      | Bought a scroll of teleportation for 42 gold pieces
  5417 | D:5      | Bought a scroll of blinking for 105 gold pieces
  5631 | D:8      | Corrupted D:8
  5631 | D:8      | Noticed a large abomination
  5631 | D:8      | Noticed a large abomination
  5631 | D:8      | Noticed a worldbinder
  5631 | D:8      | Noticed a sixfirhy
  5635 | D:8      | Noticed a deep elf archer
  5635 | D:8      | Noticed a deep elf archer
  5635 | D:8      | Noticed a deep elf archer
  5639 | D:8      | Killed Autsider's ghost
  5640 | D:8      | Noticed an orange demon
  5640 | D:8      | Killed a two-headed ogre
  5641 | D:8      | Noticed a worldbinder
  5866 | D:9      | Found Huut's General Store.
  5949 | D:9      | Reached skill level 5 in Invocations
  5949 | D:9      | Reached skill level 1 in Evocations
  6290 | D:9      | Found a staircase to the Lair.
  6362 | D:9      | Found a staircase to the Orcish Mines.
  6454 | D:9      | Reached skill level 1 in Shields
  6473 | D:9      | Reached ***** piety under Lugonu
  6543 | Lair:1   | Entered Level 1 of the Lair of Beasts
  6543 | Lair:1   | Noticed a komodo dragon
  6555 | Lair:1   | Killed a komodo dragon
  6555 | Lair:1   | Reached XP level 11. HP: 23/92 MP: 15/15
  8198 | Lair:2   | Noticed Sonja
  8199 | Lair:2   | Banished Sonja
  8267 | Lair:2   | Reached skill level 11 in Fighting
  8636 | Lair:2   | Noticed a queen ant
  8660 | Lair:3   | Noticed a four-headed hydra
  8671 | Lair:3   | Killed a one-headed hydra
  8692 | Lair:3   | Reached XP level 12. HP: 32/100 MP: 16/16
  8695 | Lair:3   | Found a hole to the Spider Nest.
  8719 | Lair:3   | Reached skill level 5 in Evocations
  9875 | Lair:2   | Gained mutation: You are dopey. (Int -2) [potion of mutation]
  9875 | Lair:2   | Gained mutation: You are agile. (Dex +2) [potion of mutation]
 10867 | Lair:3   | Reached skill level 10 in Axes
 10944 | Lair:3   | Found a staircase to the Shoals.
 11269 | Lair:3   | Reached skill level 12 in Fighting
 11803 | Lair:4   | Reached XP level 13. HP: 107/109 MP: 17/17
 12345 | Lair:5   | Noticed Nr616's ghost (journeyman HOBe)
 12392 | Lair:5   | Quit the game

Vault maps used:
D:1:      dpeg_arrival_line_fractal
D:2:      elyvilon_altar_1, minmay_overflow_temple_star_quad,
          minmay_strange_pillars
D:4:      minmay_temple_entry_junction_2, okawaru_ov_weapons_minmay
D:5:      first_ration, serial_shops, shop, uniq_duvessa, uniq_pikel,
          uniq_grinder, uniq_blork_the_orc
D:6:      marbit_many_paths, grunt_dithmenos_smoke,
          nicolae_gozag_zags_fifth_avenue
D:7:      grunt_qazlal_clouds, the_bakery, supply_closet_lemuel
D:8:      minmay_weird_star, kennysheep_mini
D:9:      due_lair_maze_entry_diamond, hiddenorc2_lemuel, serial_shops, shop,
          kennysheep_generic_room_4
Lair:1:   grunt_forest_small_clearings
Lair:2:   zaba_anthell, lemuel_fruit_fields, uniq_sonja
Lair:3:   minmay_shoals_entry_beasts, nicolae_spider_entry_non_spiders
Lair:4:   hangedman_lair_unloving_vines, grunt_megastairs_2
Lair:5:   slime_dummy, grunt_megastairs_3, lemuel_fruit_fields

Skill      XL: |  1  2  3  4  5  6  7  8  9 10 11 12 13 |
---------------+----------------------------------------+-----
Polearms       | 3 4 |  4.1
Fighting       | 4 5 7 8 9 10 11 12 | 12.6
Armour         | 3 5 6 8 |  8.5
Axes           | 2 4 6 7 8 10 11 | 11.1
Invocations    | 3 5 6 |  6.5
Evocations     | 2 4 5 |  5.0
Shields        | 1 4 |  4.0
Dodging        | |  1.0

Action                   |  1- 3 |  4- 6 |  7- 9 | 10-12 | 13-15 || total
-------------------------+-------+-------+-------+-------+-------++-------
Melee: Spear             |    96 |    91 |       |       |       ||   187
       Quarterstaff      |       |    76 |    69 |       |       ||   145
       Hand axe          |       |       |   424 |   924 |    76 ||  1424
 Fire: Shortbow          |       |    29 |   113 |    27 |       ||   169
       Hunting sling     |       |       |       |   141 |     4 ||   145
Throw: Tomahawk          |       |       |     4 |    46 |     2 ||    52
Invok: Depart the Abyss  |     1 |       |       |       |       ||     1
       Corrupt           |       |       |       |     1 |       ||     1
       Banish            |       |       |       |     4 |       ||     4
Evoke: Wand              |       |       |     2 |    50 |     4 ||    56
       Sack of spiders   |       |       |       |    14 |       ||    14
       Phial of floods   |       |       |       |     1 |     1 ||     2
  Use: Scroll            |       |     7 |    11 |     9 |       ||    27
       Potion            |       |     2 |     2 |     9 |       ||    13
 Stab: Distracted        |       |       |       |     2 |     1 ||     3
       Invisible         |       |       |       |     2 |       ||     2
  Eat: Chunk             |       |     2 |    15 |    11 |     2 ||    30
       Ration            |       |       |     3 |     4 |       ||     7
Armor: Chain mail        |    31 |    84 |   296 |   447 |    31 ||   889
       Skin              |       |       |    38 |       |       ||    38
Dodge: Dodged            |    29 |    51 |   171 |   313 |    18 ||   582
Block: Buckler           |       |       |       |   182 |    11 ||   193

Table legend:
 A = Spawn XP
 B = Non-spawn XP
 C = Spawn XP percentage of total XP
 D = Spawn monster count
 E = Non-spawn monster count
 F = Spawn count percentage of total count
 G = Total turns spent on level
                    A         B        C        D         E        F      G
               +---------+---------+-------+---------+---------+-------+---------
         Total |       0 |   29286 |   0.0 |       0 |     360 |   0.0 | 12392
               +---------+---------+-------+---------+---------+-------+---------
           D:1 |       0 |      50 |   0.0 |       0 |      25 |   0.0 |   293
           D:2 |       0 |      33 |   0.0 |       0 |       5 |   0.0 |   153
           D:3 |       0 |      72 |   0.0 |       0 |      18 |   0.0 |   642
           D:4 |       0 |     407 |   0.0 |       0 |      15 |   0.0 |   643
           D:5 |       0 |    1510 |   0.0 |       0 |      17 |   0.0 |   714
           D:6 |       0 |     536 |   0.0 |       0 |      24 |   0.0 |   902
           D:7 |       0 |    1091 |   0.0 |       0 |      30 |   0.0 |   670
           D:8 |       0 |    1143 |   0.0 |       0 |      29 |   0.0 |  1520
           D:9 |       0 |    2897 |   0.0 |       0 |      62 |   0.0 |  1006
        Lair:1 |       0 |    2667 |   0.0 |       0 |      22 |   0.0 |   897
        Lair:2 |       0 |    5666 |   0.0 |       0 |      51 |   0.0 |  2319
        Lair:3 |       0 |    6913 |   0.0 |       0 |      34 |   0.0 |  1251
        Lair:4 |       0 |    4836 |   0.0 |       0 |      24 |   0.0 |  1144
        Lair:5 |       0 |    1465 |   0.0 |       0 |       4 |   0.0 |   238
               +---------+---------+-------+---------+---------+-------+---------
